 Dungeon Crawl Stone Soup version 0.20.1-1-g8b1a95d (webtiles) character file.

35 mopl the Chiller (level 3, -2/26 HPs)
             Began as a Formicid Wanderer on Sept 9, 2017.
             Slain by a hobgoblin
             ... wielding a +0 club
              (6 damage)
             ... on level 2 of the Dungeon.
             The game lasted 00:01:44 (1058 turns).

mopl the Chiller (Formicid Wanderer)                Turns: 1058, Time: 00:01:45

Health: -2/26      AC:  2    Str: 17    XL:     3   Next: 55%
Magic:  4/4        EV: 11    Int: 11    God:
Gold:   59         SH:  0    Dex: 10    Spells: 4/4 levels left

rFire    . . .     SeeInvis +   a - +0 hand axe
rCold    . . .     Gourm    .   (no shield)
rNeg     . . .     Faith    .   e - +0 robe
rPois    .         Spirit   .   (helmet unavailable)
rElec    .         Reflect  .   (no cloak)
rCorr    .         Harm     .   (no gloves)
MR       .....                  (no boots)
Stlth    +.........             (no amulet)
Regen    0.1/turn               (no ring)
MPRegen  0.1/turn               (no ring)

@: no status effects
A: permanent stasis, dig shafts and tunnels, four strong arms, antennae 3
a: Dig, Shaft Self


You were on level 2 of the Dungeon.
You were not hungry.

You visited 1 branch of the dungeon, and saw 2 of its levels.

You collected 59 gold pieces.

Inventory:

Hand Weapons
 a - a +0 hand axe (weapon)
 b - a +2 blowgun
Missiles
 i - a curare-tipped needle
Armour
 e - a +0 robe (worn)
Potions
 d - 2 potions of curing
 j - a potion of haste {unknown}
Books
 c - Xaupyzi's Handbook of Weightlessness

   Spells                             Type                      Level
   a - Shock                          Conjuration/Air              1
   b - Mephitic Cloud                 Conjuration/Poison/Air       3
Comestibles
 f - a bread ration
 g - 3 chunks of flesh
 h - a royal jelly


   Skills:
 + Level 1.5 Fighting
 * Level 1.5 Axes
 - Level 1.0 Throwing
 + Level 1.5 Armour
 - Level 1.2 Stealth
 - Level 1.1 Spellcasting
   Level 2.4 Hexes
   Level 1.0 Charms
   Level 3.0 Ice Magic
   Level 1.3 Poison Magic


You had 4 spell levels left.
You didn't know any spells.

Dungeon Overview and Level Annotations

Branches:
Dungeon (2/15)

Altars:


Innate Abilities, Weirdness & Mutations

You cannot be hasted, slowed, berserked, paralysed or teleported.
You can dig through walls and to a lower floor.
Your four strong arms can wield two-handed weapons with a shield.
You have a pair of large antennae on your head. (SInv)


Message History

You are too injured to fight recklessly!
You are too injured to fight recklessly!
You are too injured to fight recklessly!
You are too injured to fight recklessly!
You are too injured to fight recklessly!
You hit the adder.
You kill the adder!
You barely miss the kobold. The kobold hits you with a dagger.
You hit the kobold but do no damage. The kobold barely misses you.
You hit the kobold.
The kobold is severely wounded.
The kobold hits you with a dagger. The kobold closely misses you.
You slash the kobold!
You kill the kobold!
You hit the hobgoblin but do no damage. The hobgoblin hits you with a club.
* * * LOW HITPOINT WARNING * * *
You closely miss the hobgoblin. The hobgoblin hits you with a club.
* * * LOW HITPOINT WARNING * * *
You barely miss the hobgoblin. The hobgoblin hits you with a club.
You die...

{ #.........#
#..<.)....#
###.........#
##...)......#
##...........#
#....).......# .
.....#.........%# ...
................###....S
##..#...........@gK.....
#.##..#####.######.....
... ##.# #.# ... ## #.#
#.# . #.. ... #..## #.##
#. ..


You could see a hobgoblin, a ball python (wandering) and a kobold.

Vanquished Creatures
  An adder (D:2)
  2 dart slugs (D:1)
  A ball python (D:1)
  5 bats (D:1)
  2 goblins (D:2)
  3 hobgoblins (D:1)
  2 frilled lizards (D:1)
  3 kobolds
  4 rats (D:1)
23 creatures vanquished.

Notes
Turn   | Place    | Note
-------+----------+-------------------------------------------
     0 | D:1      | mopl the Formicid Wanderer began the quest for the Orb.
     0 | D:1      | mopl set off with: a curare-tipped needle, a +2 blowgun, Xaupyzi's Handbook of Weightlessness, a potion of curing, a +0 robe, a bread ration
     0 | D:1      | Reached XP level 1. HP: 13/13 MP: 2/2
     0 | D:1      | Identified Xaupyzi's Handbook of Weightlessness
   338 | D:1      | Reached skill level 1 in Fighting
   338 | D:1      | Reached XP level 2. HP: 9/21 MP: 3/3
   575 | D:1      | Reached skill level 1 in Armour
   908 | D:1      | Reached XP level 3. HP: 19/26 MP: 4/4
  1010 | D:1      | Reached skill level 1 in Axes
  1058 | D:2      | Slain by a hobgoblin

Skill      XL: |  1  2  3 |
---------------+----------+-----
Fighting       | 1 |  1.5
Armour         | 1 |  1.5
Axes           | 1 |  1.5
Throwing       | |  1.0
Stealth        | |  1.2
Spellcasting   | |  1.1
Hexes          | |  2.4
Charms         | |  1.0
Ice Magic      | |  3.0
Poison Magic   | |  1.3

Action                   || total
-------------------------++-------
Melee: Unarmed           ||    42
       Hand axe          ||    58
 Stab: Sleeping          ||     1
  Eat: Chunk             ||     1
Armor: Robe              ||    38
Dodge: Dodged            ||    65
